 Dungeon Crawl Stone Soup version 0.30-a0-1104-g706747fef1 (webtiles) character file.

Game seed: 11245154882714758080

65726 Ijustatesigmund the Eclecticist (level 14, -11/80 HPs)
             Began as a Deep Elf Conjurer on Apr 18, 2023.
             Was a Priest of Vehumet.
             Mangled by a white ugly thing (34 damage)
             ... on level 12 of the Dungeon on Apr 19, 2023.
             The game lasted 01:07:52 (23534 turns).

Ijustatesigmund the Eclecticist (DECj)             Turns: 23534, Time: 01:07:52

Health: -11/80     AC: 13    Str: 13    XL:     14   Next: 76%
Magic:  25/36      EV: 20    Int: 29    God:    Vehumet [***...]
Gold:   479        SH:  0    Dex: 15    Spells: 35/46 levels left

rFire   . . .      SeeInvis .    V - +4 longbow (flame)
rCold   . . .      Faith    .    (shield currently unavailable)
rNeg    . . .      Spirit   .    a - +0 steam dragon scales
rPois   +          Reflect  .    J - +0 helmet
rElec   .          Rampage  .    z - +2 cloak {rPois}
rCorr   .                        E - +0 pair of gloves
Will    +....                    y - +2 pair of boots
Stlth   +++                      O - amulet of Xaipnum {Regen+ Str+4 Dex+2}
HPRegen 1.13/turn                s - ring of Xiotydo {rPois Str+5}
MPRegen 0.25/turn                L - +5 ring of evasion

@: no status effects
A: no striking features
a: Renounce Religion


You were on level 12 of the Dungeon.
You worshipped Vehumet.
Vehumet was most pleased with you.
You visited 2 branches of the dungeon, and saw 15 of its levels.
You also visited: Sewer, Bailey and Gauntlet.

You collected 1181 gold pieces.
You spent 702 gold pieces at shops.

Inventory:

Hand Weapons
 i - a +1 rapier of electrocution
 k - the +6 rapier "Joetzyar" {freeze, rF+}
   (You found it on level 3 of the Dungeon)

   rF:        It protects you from fire.
 V - a +4 longbow of flaming (weapon)
Missiles
 H - 2 throwing nets
Armour
 a - +0 steam dragon scales (worn)
 p - a +1 cloak
 y - a +2 pair of boots (worn)
 z - a +2 cloak of poison resistance (worn)
 E - a +0 pair of gloves (worn)
 J - a +0 helmet (worn)
 U - a +2 robe of fire resistance
Jewellery
 j - a +6 ring of intelligence
 s - the ring of Xiotydo (left hand) {rPois Str+5}
   (You found it on level 5 of the Dungeon)

   [ring of poison resistance]

   Str:       It affects your strength (+5).
   rPois:     It protects you from poison.
 C - a ring of fire
 L - a +5 ring of evasion (right hand)
 O - the amulet of Xaipnum (around neck) {Regen+ Str+4 Dex+2}
   (You bought it in a shop on level 2 of the Dungeon)

   [amulet of regeneration]

   Str:       It affects your strength (+4).
   Dex:       It affects your dexterity (+2).
   Regen:     It increases your rate of health regeneration.
 Q - an amulet of magic regeneration
 R - an amulet of the acrobat
Wands
 c - a wand of light (5)
 n - a wand of flame (16)
 q - a wand of roots (26)
 u - a wand of paralysis (1)
 F - a wand of mindburst (4)
 G - a wand of polymorph (11)
Scrolls
 b - 5 scrolls of teleportation
 d - 2 scrolls of fear
 h - 4 scrolls of blinking
 w - 8 scrolls of identify
 D - 3 scrolls of poison
 M - a scroll of fog
 N - a scroll of brand weapon
 P - 2 scrolls of immolation
Potions
 e - 5 potions of lignification
 f - 3 potions of curing
 g - 2 potions of invisibility
 l - 3 potions of attraction
 o - 6 potions of flight
 r - 2 potions of brilliance
 t - 3 potions of haste
 v - 2 potions of ambrosia
 x - 2 potions of berserk rage
 A - 4 potions of resistance
 B - a potion of magic
 I - a potion of mutation
 K - a potion of might
 W - a potion of degeneration {unknown}
Miscellaneous
 S - a phantom mirror
 T - a lightning rod (4/4)


   Skills:
 - Level 6.0 Fighting
 - Level 3.4 Short Blades
 - Level 12.0 Ranged Weapons
 - Level 7.0 Dodging
 - Level 6.6 Stealth
 + Level 16.8 Spellcasting
 - Level 14.6 Conjurations
 - Level 10.8 Translocations
 - Level 6.6 Evocations


You had 35 spell levels left.
You knew the following spells:

 Your Spells              Type           Power      Damage    Failure   Level
a - Magic Dart            Conj           100%       1d8       0%          1
b - Searing Ray           Conj           100%       2d8       0%          2
c - Iskenderun's Mystic   Conj/Tloc      78%        2d16      1%          4
d - Blink                 Tloc           100%       N/A       1%          2
e - Momentum Strike       Conj/Tloc      100%       3d10      0%          2

Your spell library contained the following spells:

 Spells                   Type           Power      Damage    Failure   Level
 Beastly Appendage        Tmut           48%        N/A       1%          1
 Slow                     Hex            96%        N/A       1%          1
 Dazzling Flash           Conj/Hex       100%       N/A       1%          3
 Fulminant Prism          Conj/Hex       30%        3d15      1%          4
 Manifold Assault         Tloc           72%        N/A       1%          4
 Passage of Golubria      Tloc           72%        N/A       1%          4
 Fireball                 Conj/Fire      30%        3d13      1%          5
 Wereblood                Tmut           24%        N/A       2%          2
 Conjure Ball Lightning   Conj/Air       30%        3x3d10    4%          6
 Spider Form              Tmut/Pois      24%        N/A       5%          3
 Summon Guardian Golem    Hex/Summ       24%        N/A       5%          3
 Tukima's Dance           Hex            24%        N/A       5%          3
 Yara's Violent Unravell  Hex/Tmut       12%        3d7       13%         5
 Cause Fear               Hex            12%        N/A       19%         4
 Malign Gateway           Summ/Tloc      27%        N/A       86%         7
 Storm Form               Tmut/Air       12%        N/A       100%        7


Dungeon Overview and Level Annotations

Branches:
Dungeon (14/15)            Temple (1/1) D:5            Lair (0/5) D:10
    Orc (0/2) D:9          Vaults (0/5) D:14          Sewer (visited)
 Bailey (visited)         Gauntlet (visited)

Altars:
Ashenzari
Cheibriados
Dithmenos
Elyvilon
Fedhas
Gozag
Hepliaklqana
Kikubaaqudgha
Makhleb
Nemelex Xobeh
Okawaru
Qazlal
Ru
Sif Muna
Trog
Uskayaw
Vehumet
Wu Jian
Xom
Yredelemnul
Zin
The Shining One

Shops:
D:1 *   D:2 =   D:13 :

Annotations:
D:9 exclusion: orange crystal statue


Message History

The arrow closely misses the white ugly thing.
You shoot an arrow.
The arrow completely misses the white ugly thing.
You shoot an arrow.
The arrow barely misses the white ugly thing.
Casting: Iskenderun's Mystic Blast (safe; 1% risk of failure)
Confirm with . or Enter, or press ? or * to list all spells.
You erupt in a blast of force!
The mystic blast hits the white ugly thing!!
The white ugly thing is moderately wounded.
The white ugly thing is knocked back by the mystic blast.
The white ugly thing slams into the rock wall!
The white ugly thing is moderately wounded.
The white ugly thing barely misses you.
Casting: Iskenderun's Mystic Blast (safe; 1% risk of failure)
Confirm with . or Enter, or press ? or * to list all spells.
You erupt in a blast of force!
The mystic blast hits the white ugly thing!
The white ugly thing is severely wounded.
The white ugly thing is knocked back by the mystic blast.
The white ugly thing slams into the rock wall!
The white ugly thing is severely wounded.
The white ugly thing trunk-slaps you! The white ugly thing freezes you!!
You shoot an arrow.
The arrow barely misses the white ugly thing.
The white ugly thing trunk-slaps you! The white ugly thing freezes you!
* * * LOW HITPOINT WARNING * * *
Casting: Iskenderun's Mystic Blast (safe; 1% risk of failure)
Confirm with . or Enter, or press ? or * to list all spells.
You erupt in a blast of force!
The mystic blast hits the white ugly thing!!
The white ugly thing is almost dead.
The white ugly thing is knocked back by the mystic blast.
The white ugly thing slams into the rock wall!
The white ugly thing is almost dead.
The white ugly thing closely misses you.
The white ugly thing trunk-slaps you.
* * * LOW HITPOINT WARNING * * *
The white ugly thing freezes you!!
You die...

#.#.# #.#......#######
#.#.#####.#.#...###.....
#.........#...#.###.#.##
###.#######...........#
#.......# #.#.#.....###
#.#####.###.#.####..#
#.#####.##.>..## #..# #
#.##....u..#...###..####
#.##.##@##..............
#.##.##.###....###..####
#.....>.# ###..# #..###
#.##.#### #..# #...<##
#.##.# #..# #......
#.##.# #..# ####.##
#.##.########..# #.##
#..............# ####.##
###########.######(.....


You could see a white ugly thing.

Vanquished Creatures
  Jorgrun (D:14)
  Nessos (D:13)
  Azrael (D:14)
  A minotaur (Gauntlet)
  Erolcha (D:13)
  3 jiangshi (D:14)
  10 vault guards
  2 centaur warriors
  5 two-headed ogres
  Lodul (D:13)
  4 sixfirhies (Gauntlet)
  A wizard (Gauntlet)
  7 ugly things
  A deep elf pyromancer (D:13)
  2 manticores
  7 cyclopes
  Joseph (D:7)
  2 gargoyles
  An unseen horror (D:10)
  Maggie (D:7)
  An ice devil (Gauntlet)
  An efreet (D:14)
  A komodo dragon (D:11)
  A kobold demonologist (D:10)
  4 trolls
  3 meliai
  Grinder (D:6)
  A hornet (D:9)
  Prince Ribbit (D:7)
  A blink frog (Bailey)
  4 slime creatures (D:13)
  A centaur simulacrum (D:14)
  3 vampires
  3 wraiths
  A shadow (D:9)
  A fire elemental (D:14)
  2 wyverns
  11 yaks
  10 humans (Bailey)
  4 vampire mosquitoes (D:14)
  5 water moccasins
  4 acid dragons
  3 hell hounds (D:14)
  Pargi (Sewer)
  2 black bears
  4 orc warriors
  3 sky beasts
  11 ogres
  2 wolves (D:10)
  5 boggarts (D:14)
  5 centaurs
  2 phantoms
  A kobold brigand (D:8)
  13 bullfrogs
  5 scorpions
  9 wights (D:8)
  2 electric eels (D:10)
  3 howler monkeys
  9 hounds
  11 orc priests
  Crazy Yiuf (D:3)
  2 gnoll boudas
  2 jellies
  A sleepcap (D:5)
  7 iguanas
  10 orc wizards
  14 gnolls
  8 adders
  2 shadow imps
  5 white imps (Gauntlet)
  An ufetubus (D:4)
  6 worms
  2 dart slugs
  64 orcs
  4 endoplasms
  4 giant cockroaches
  11 goblins
  8 hobgoblins
  5 jackals
  16 kobolds
  2 quokkas
  4 ball pythons
  6 bats
  4 frilled lizards
  3 rats
400 creatures vanquished.

Vanquished Creatures (others)
  A centaur (D:13)
  A scorpion (D:5)
  An iguana (D:5)
  An adder (D:5)
  3 plants (D:4)
7 creatures vanquished.

Grand Total: 407 creatures vanquished

Notes
Turn   | Place    | Note
-------+----------+-------------------------------------------
     0 | D:1      | Ijustatesigmund the Deep Elf Conjurer began the quest for
                  | the Orb.
     0 | D:1      | Reached XP level 1. HP: 10/10 MP: 6/6
    28 | D:1      | You fall into a shaft and drop 1 floor!
    86 | D:2      | Reached XP level 2. HP: 15/15 MP: 2/8
   484 | D:1      | Learned a level 2 spell: Searing Ray
   562 | D:1      | Found Hilot's Assorted Antiques.
   580 | D:1      | Bought a scroll labelled JUOR DIEQYQAA for 22 gold pieces
   774 | D:1      | Reached skill level 4 in Spellcasting
   867 | D:1      | Reached skill level 5 in Conjurations
   867 | D:1      | Reached XP level 3. HP: 19/19 MP: 8/10
  1877 | D:2      | Found Jotejom's Jewellery Boutique.
  2365 | D:3      | Reached XP level 4. HP: 24/24 MP: 8/12
  2371 | D:3      | Identified the +6 rapier "Joetzyar" {freeze, rF+}
  2416 | D:3      | Learned a level 4 spell: Iskenderun's Mystic Blast
  2545 | D:3      | Reached skill level 1 in Short Blades
  2545 | D:3      | Reached skill level 1 in Translocations
  2634 | D:3      | Reached XP level 5. HP: 17/28 MP: 8/14
  3328 | D:3      | Found a runed translucent door.
  3329 | D:3      | Noticed Crazy Yiuf
  3336 | D:3      | Killed Crazy Yiuf
  3839 | D:4      | Noticed a phantom
  3846 | D:4      | Killed a phantom
  3847 | D:4      | Reached XP level 6. HP: 25/32 MP: 7/15
  4023 | D:4      | Reached skill level 1 in Fighting
  4024 | D:4      | Reached XP level 7. HP: 31/38 MP: 10/16
  4190 | D:4      | Found a snail-covered altar of Cheibriados.
  4199 | D:4      | Found a shimmering blue altar of Sif Muna.
  4317 | D:4      | Found a burning altar of Makhleb.
  4368 | D:4      | Found a stormy altar of Qazlal.
  4411 | D:4      | Reached skill level 5 in Translocations
  4750 | D:5      | Entered Level 5 of the Dungeon
  5062 | D:5      | Reached skill level 5 in Spellcasting
  5062 | D:5      | Reached skill level 1 in Evocations
  5113 | D:5      | Found a glowing silver altar of Zin.
  5125 | D:5      | Reached XP level 8. HP: 20/46 MP: 12/17
  5226 | D:5      | Found a shimmering altar of Xom.
  5914 | D:5      | Found a staircase to the Ecumenical Temple.
  6244 | D:5      | Noticed a troll
  6398 | Temple   | Entered the Ecumenical Temple
  6686 | D:5      | Killed a troll
  6687 | D:5      | Reached skill level 6 in Spellcasting
  6758 | D:5      | Identified the ring of Xiotydo {rPois Str+5}
  7148 | D:6      | Reached skill level 7 in Spellcasting
  7166 | D:6      | Noticed Grinder
  7184 | D:6      | Found a glowing drain.
  7193 | Sewer    | Entered a sewer
  7400 | Sewer    | Noticed Pargi
  7408 | Sewer    | Killed Pargi
  7932 | D:1      | Bought a pair of glowing boots for 165 gold pieces
  7932 | D:1      | Bought a murky golden potion for 19 gold pieces
  8125 | D:6      | Paralysed by Grinder for 5 turns
  8135 | D:6      | Killed Grinder
  8136 | D:6      | Reached XP level 9. HP: 36/50 MP: 10/22
  8652 | D:6      | Reached skill level 8 in Spellcasting
  9022 | D:7      | HP: 1/50 [yak (11)]
  9462 | D:7      | Reached skill level 9 in Spellcasting
  9695 | D:7      | Noticed Prince Ribbit
  9705 | D:7      | Killed Prince Ribbit
  9734 | D:7      | Reached XP level 10. HP: 52/56 MP: 11/25
  9914 | D:7      | Noticed Joseph
  9920 | D:7      | Killed Joseph
  9927 | D:7      | Noticed Maggie
  9933 | D:7      | Killed Maggie
  9934 | D:7      | Reached skill level 10 in Spellcasting
 11285 | D:8      | Reached skill level 10 in Translocations
 11458 | D:8      | Reached skill level 10 in Conjurations
 12113 | D:9      | Found a staircase to the Orcish Mines.
 12123 | D:9      | Reached skill level 11 in Spellcasting
 13261 | D:9      | Noticed an orange crystal statue
 14258 | D:10     | Entered Level 10 of the Dungeon
 14266 | D:10     | Found a radiant altar of Vehumet.
 14285 | D:10     | Became a worshipper of Vehumet
 14304 | D:10     | Found a flagged portal.
 14320 | Bailey   | Entered a bailey
 14415 | Bailey   | Reached XP level 11. HP: 55/60 MP: 9/28
 14614 | Bailey   | Noticed a vault guard
 14621 | Bailey   | Reached * piety under Vehumet
 14621 | Bailey   | Offered knowledge of Shock by Vehumet.
 14632 | Bailey   | Killed a vault guard
 14633 | Bailey   | Reached skill level 5 in Dodging
 14824 | Bailey   | Reached skill level 12 in Spellcasting
 14824 | Bailey   | Reached XP level 12. HP: 67/67 MP: 28/30
 14850 | Bailey   | Noticed a vault guard
 14863 | Bailey   | Killed a vault guard
 14864 | Bailey   | Reached skill level 13 in Spellcasting
 14930 | Bailey   | Reached skill level 14 in Spellcasting
 14930 | Bailey   | Reached XP level 13. HP: 72/72 MP: 31/33
 16045 | D:10     | Found a staircase to the Lair.
 16134 | D:10     | Reached skill level 15 in Spellcasting
 16186 | D:10     | Learned a level 2 spell: Blink
 16963 | D:2      | Bought the amulet of Xaipnum {Regen+ Str+4 Dex+2} for 496
                  | gold pieces
 17878 | D:11     | HP: 3/72 [gargoyle/stone arrow (9)]
 18804 | D:12     | Reached skill level 16 in Spellcasting
 20210 | D:13     | Reached skill level 5 in Fighting
 20330 | D:13     | Found a gate leading to a gauntlet.
 20339 | Gauntlet | Entered a Gauntlet
 20339 | Gauntlet | Found a transporter.
 20339 | Gauntlet | Found a transporter.
 20340 | Gauntlet | Found a transporter.
 20350 | Gauntlet | Found a transporter.
 20352 | Gauntlet | Found a transporter.
 20384 | Gauntlet | Found a transporter.
 20387 | Gauntlet | Found a transporter.
 20411 | Gauntlet | Found a transporter.
 20420 | Gauntlet | Found a transporter.
 20438 | Gauntlet | Found a transporter.
 20441 | Gauntlet | Found a transporter.
 20454 | Gauntlet | Found a transporter.
 20514 | Gauntlet | Offered knowledge of Sandblast by Vehumet.
 20613 | Gauntlet | Reached ** piety under Vehumet
 20655 | Gauntlet | Reached XP level 14. HP: 79/79 MP: 31/36
 20722 | Gauntlet | Found the +3 hat of Pondering {ponderous, Will+ MP+10
                  | Int+5}
 20735 | Gauntlet | Got Irhoor's Encyclopedia of Shifting Power
 20739 | Gauntlet | Got the Vellum of Hexes
 20807 | D:13     | Noticed Nessos
 20815 | D:13     | Killed Nessos
 21020 | D:13     | Noticed Erolcha
 21027 | D:13     | Reached skill level 1 in Ranged Weapons
 21027 | D:13     | Noticed Lodul
 21033 | D:13     | Killed Lodul
 21048 | D:13     | Killed Erolcha
 21056 | D:13     | Reached skill level 5 in Ranged Weapons
 21131 | D:13     | Found Tigaosh's Tremendous Tomes.
 21347 | D:14     | Noticed Jorgrun
 21349 | D:14     | Noticed Azrael
 21365 | D:14     | Killed Jorgrun
 21373 | D:14     | Killed Azrael
 21623 | D:14     | Offered knowledge of Momentum Strike by Vehumet.
 21645 | D:14     | Learned a level 2 spell: Momentum Strike
 21777 | D:14     | Found a gate to the Vaults.
 21799 | D:14     | Reached *** piety under Vehumet
 21804 | D:14     | Reached skill level 10 in Ranged Weapons
 22715 | D:14     | HP: 1/80 [centaur warrior/arrow (19)]
 23165 | D:14     | Upgraded the game from 0.30-a0-1102-g2dbb833546 to
                  | 0.30-a0-1104-g706747fef1
 23534 | D:12     | Mangled by a white ugly thing

Illustrated notes

Levels and vault maps discovered:
D:1:      dpeg_arrival_morbid_curiosity, layout_basic, serial_shops,
          nicolae_square_shop
D:2:      layout_loops_cross, serial_shops, nicolae_shop_gaudy_bauble
D:3:      layout_loops_corners, kennysheep_big_empty_room, roderic_malta_cross,
          serial_park_tiny_pond, minmay_parallelograms, uniq_crazy_yiuf_cottage
D:4:      layout_basic, nicolae_qazlal_scattered_showers, slow_altar_1,
          nicolae_sif_muna_condensation, mainiacjoe_overflow_chevrons,
          dreamdust_princess_bridge, kennysheep_orc_chapel
D:5:      cheibrodos_barr_body, layout_basic, zin_statuary, xom_confusion_cloud,
          minmay_temple_entry_poolview, minivault_24, grunt_ministairs_12,
          eino_small_chamber_without_monster
D:6:      layout_loops_ring, portal_sewer_entry_d, uniq_grinder
D:7:      layout_basic, uniq_joseph, uniq_prince_ribbit1, uniq_maggie
D:8:      layout_basic
D:9:      layout_stronghold, david_orc_5, minivault_15
D:10:     layout_loops_ring, vehumet_crystals, erik_lair_island, enter_bailey_5
D:11:     layout_small_grid
D:12:     layout_loops_ring, serial_co_window_serial, co_window_corner_a,
          co_window_corner_a, co_window_corner_a, co_window_corner_a,
          co_window_of_opportunity_a, co_window_paths_b,
          co_window_of_opportunity_c, co_window_corner_cb, co_window_2corner,
          co_window_corner_ca, co_window_4corner_b, glass_columns_b
D:13:     layout_cave_pools, gauntlet_entry_generic,
          nicolae_shop_i_like_big_books, uniq_lodul, uniq_erolcha, uniq_nessos
D:14:     layout_small_grid, erik_vaults_2, kennysheep_crisscross,
          nicolae_nh_vlads_tower, uniq_jorgrun, uniq_azrael
Temple:   nicolae_temple_superstar

Skill      XL: |  1  2  3  4  5  6  7  8  9 10 11 12 13 14 |
---------------+-------------------------------------------+-----
Spellcasting   | 4 5 7 9 11 12 14 16 | 16.8
Conjurations   | 5 7 9 10 11 13 14 | 14.6
Short Blades   | 1 2 3 |  3.4
Translocations | 1 3 4 6 7 9 10 | 10.8
Fighting       | 1 3 4 5 6 |  6.0
Evocations     | 1 2 6 |  6.6
Dodging        | 4 5 7 |  7.0
Stealth        | 6 |  6.6
Ranged Weapons | 12 | 12.0

Action                     |  1- 3 |  4- 6 |  7- 9 | 10-12 | 13-15 || total
---------------------------+-------+-------+-------+-------+-------++-------
  Melee: Rapier            |       |    12 |    19 |    17 |    10 ||    58
   Fire: Longbow           |       |       |       |       |    84 ||    84
   Cast: Magic Dart        |    82 |    41 |    80 |    49 |    20 ||   272
         Searing Ray       |     2 |    13 |    36 |    13 |     2 ||    66
         Iskenderun's Myst |       |     3 |    50 |    65 |   221 ||   339
         Blink             |       |       |       |       |     1 ||     1
         Momentum Strike   |       |       |       |       |     1 ||     1
  Evoke: Wand              |       |       |     8 |    24 |    23 ||    55
    Use: Scroll            |     9 |     3 |    10 |     6 |     6 ||    34
         Potion            |       |     1 |     1 |     2 |    11 ||    15
   Stab: Sleeping          |       |     1 |       |       |     4 ||     5
         Paralysed         |       |       |       |     3 |     2 ||     5
 Armour: Robe              |     4 |     3 |     8 |     1 |       ||    16
         Steam dragon scal |       |       |       |    14 |    38 ||    52
  Dodge: Dodged            |    17 |    15 |    37 |    39 |   176 ||   284

Table legend: (Time is in decaauts)
 A = Elapsed time spent in this place.
 B = Non-inter-level travel time spent in this place.
 C = Inter-level travel time spent in this place.
 D = Time resting spent in this place.
 E = Time spent auto-exploring this place.
 F = Levels seen in this place.
 G = Mean time per level.
                   A        B        C        D        E       F      G
               +--------+--------+--------+--------+--------+-----+--------+
         Total |  23596 |  22392 |   1204 |   8501 |  10986 |  18 | 1310.9 |
       Dungeon |  21576 |  20396 |   1180 |   7467 |  10495 |  14 | 1541.1 |
        Temple |    136 |    113 |     23 |      0 |    100 |   1 |  136.0 |
         Sewer |    580 |    580 |      0 |    286 |    247 |   1 |  580.0 |
        Bailey |    896 |    896 |      0 |    654 |    114 |   1 |  896.0 |
      Gauntlet |    405 |    405 |      0 |     94 |     29 |   1 |  405.0 |
               +--------+--------+--------+--------+--------+-----+--------+

Top non-repeatable levels by time:
     D:5: 2308 daAuts
     D:9: 2165 daAuts
    D:14: 1965 daAuts
    D:12: 1754 daAuts
     D:7: 1725 daAuts
     D:3: 1625 daAuts
    D:10: 1451 daAuts
     D:8: 1445 daAuts
    D:11: 1417 daAuts
     D:2: 1305 daAuts
     D:6: 1290 daAuts
     D:1: 1166 daAuts
    D:13: 978 daAuts
     D:4: 977 daAuts
  Bailey: 896 daAuts
